 Dungeon Crawl Stone Soup version 0.22.0-49-gab54619674 (webtiles) character file.

282 JedernureinKreuz the Gusty (level 6, -4/32 HPs)
             Began as a Tengu Air Elementalist on Sept 7, 2018.
             Was an Initiate of Sif Muna.
             Killed from afar by an orc wizard (9 damage)
             ... with a magic dart
             ... on level 4 of the Dungeon.
             The game lasted 00:21:05 (4101 turns).

JedernureinKreuz the Gusty (Tengu Air Elementalist) Turns: 4101, Time: 00:21:06

Health: -4/32      AC:  2    Str:  8    XL:     6   Next: 28%
Magic:  8/11       EV: 13    Int: 18    God:    Sif Muna [......]
Gold:   149        SH:  0    Dex: 14    Spells: 8/11 levels left

rFire    . . .     SeeInvis .   k - -1 mace (curse)
rCold    + . .     Gourm    .   (no shield)
rNeg     . . .     Faith    .   p - +0 robe {rF+}
rPois    .         Spirit   .   (helmet restricted)
rElec    .         Reflect  .   (no cloak)
rCorr    .         Harm     .   (no gloves)
MR       .....                  (boots unavailable)
Stlth    +.........             (no amulet)
HPRegen  0.10/turn              e - ring of ice
MPRegen  0.12/turn              g - ring of attention (curse)

@: swift, slowed, slow
A: beak, talons 3, able to fly 1
a: Fly, Renounce Religion


You were on level 4 of the Dungeon.
You worshipped Sif Muna.
Sif Muna was noncommittal.
You were not hungry.

You visited 1 branch of the dungeon, and saw 4 of its levels.

You collected 149 gold pieces.

Inventory:

Hand Weapons
 k - a cursed -1 mace (weapon)
 n - a cursed -3 falchion
Armour
 a - a +0 robe
 m - a +0 scale mail
 p - a +0 robe of fire resistance (worn)
Jewellery
 e - a ring of ice (left hand)
 g - a cursed ring of attention (right hand)
Wands
 l - a wand of random effects (35)
Scrolls
 f - 8 scrolls of identify
 q - a scroll of enchant weapon
Potions
 b - a potion of curing
 d - a potion of flight {unknown}
 h - 2 potions of berserk rage {unknown}
 i - a potion of magic {unknown}
 j - a potion of invisibility {unknown}
 o - a potion of mutation {unknown}
Comestibles
 c - 10 rations


   Skills:
 + Level 2.1 Armour
 + Level 3.4 Dodging
 + Level 3.3 Stealth
 + Level 3.0 Spellcasting
 + Level 3.4 Conjurations
 + Level 5.2 Air Magic


You had 8 spell levels left.
You knew the following spells:

 Your Spells              Type           Power        Failure   Level  Hunger
a - Shock                 Conj/Air       ###.         2%          1    None
b - Swiftness             Chrm/Air       ##......     9%          2    ##.....

Your spell library contained the following spells:

 Spells                   Type           Power        Failure   Level  Hunger
 Static Discharge         Conj/Air       ###.....     9%          3    ###....
 Airstrike                Air            ###.......   19%         4    ####...
 Lightning Bolt           Conj/Air       ###.......   58%         5    ######.


Dungeon Overview and Level Annotations

Branches:
Dungeon (4/15)
 Temple: D:4-7

Altars:
Sif Muna


Innate Abilities, Weirdness & Mutations

You have a beak for a mouth.
You have claws for feet.
You can fly.


Message History

Confirm with . or Enter, or press ? or * to list all spells.
Aiming: Shock (safe; 2% risk of failure)
Press: ? - help, Shift-Dir - straight line, f/p - orc wizard
Aim: an orc wizard, wielding a dagger and wearing a robe (heavily wounded)
The zap misses the orc wizard.
The orc wizard gestures at you while chanting.
You feel yourself slow down.
The orc wizard mumbles some strange words.
The orc wizard blinks!
The orc wizard gestures wildly while chanting.
The orc wizard seems to speed up.
The orc wizard gestures at you while chanting.
You resist with some effort.
You see here a tomahawk.
Casting: Shock (safe; 2% risk of failure)
Confirm with . or Enter, or press ? or * to list all spells.
You feel quick. The orc wizard casts a spell at you. The magic dart hits you!
You die...

.## #......## ..#
#...)...# o.# #.......#
#.# #+# #.......# #.#
#.# #......##
#.#######.####
#รท#...##
.............# #.....#
#.###..#...#.#######.##
#.# #..o...).#..@....#
#.###..#...#)#o#######
#.........##.#.#
#####..#.....(.#
#..#####.###
#####..#####.#
.............#
##############


You could see an orc wizard.

Vanquished Creatures
  A crimson imp (D:3)
  2 orc priests (D:3)
  2 orc wizards
  Terence (D:3)
  2 adders (D:3)
  A dart slug (D:1)
  3 worms
  4 leopard geckos
  7 orcs
  2 giant cockroaches
  9 goblins
  11 hobgoblins
  4 jackals (D:1)
  4 quokkas
  3 bats
  2 frilled lizards
  6 kobolds
  9 rats
73 creatures vanquished.

Notes
Turn   | Place    | Note
-------+----------+-------------------------------------------
     0 | D:1      | JedernureinKreuz the Tengu Air Elementalist began the quest
                  | for the Orb.
     0 | D:1      | Reached XP level 1. HP: 10/10 MP: 4/4
   367 | D:1      | Reached XP level 2. HP: 10/15 MP: 0/6
   681 | D:1      | Reached XP level 3. HP: 15/19 MP: 2/7
  1907 | D:3      | Reached XP level 4. HP: 19/24 MP: 1/8
  1955 | D:3      | Reached skill level 1 in Armour
  2077 | D:3      | Gained mutation: You can fly. [Tengu growth]
  2077 | D:3      | Reached XP level 5. HP: 6/28 MP: 8/10
  2667 | D:3      | Reached skill level 5 in Air Magic
  3052 | D:3      | Reached XP level 6. HP: 28/32 MP: 7/11
  3163 | D:3      | Learned a level 2 spell: Swiftness
  3285 | D:3      | Noticed Terence
  3326 | D:3      | Killed Terence
  3712 | D:4      | Found a deep blue altar of Sif Muna.
  3832 | D:4      | Became a worshipper of Sif Muna the Loreminder
  4101 | D:4      | Killed from afar by an orc wizard

Skill      XL: |  1  2  3  4  5  6 |
---------------+-------------------+-----
Conjurations   | 2 3 |  3.4
Armour         | 1 2 |  2.1
Dodging        | 3 |  3.4
Stealth        | 3 |  3.3
Air Magic      | 5 |  5.2
Spellcasting   | 3 |  3.0

Action                   |  1- 3 |  4- 6 || total
-------------------------+-------+-------++-------
Melee: Unarmed           |    51 |       ||    51
       Kick              |    12 |    21 ||    33
       Peck              |     8 |    14 ||    22
       Mace              |    28 |   122 ||   150
 Cast: Shock             |    54 |    56 ||   110
       Swiftness         |       |     3 ||     3
  Use: Scroll            |     4 |     3 ||     7
       Potion            |       |     1 ||     1
 Stab: Sleeping          |     1 |     1 ||     2
  Eat: Chunk             |     1 |     4 ||     5
       Ration            |     1 |     1 ||     2
Armor: Robe              |     7 |       ||     7
       Scale mail        |    19 |    60 ||    79
       Ring mail         |     9 |       ||     9
Dodge: Dodged            |    45 |    61 ||   106
